 Dungeon Crawl Stone Soup version 0.21-a0-150-gc243083 (console) character file.

99739 Duffy the Devastator (level 15, 92/92 HPs)
             Began as a Deep Elf Fire Elementalist on July 28, 2017.
             Was a High Priest of Vehumet.
             Quit the game on level 13 of the Dungeon on July 29, 2017.
             The game lasted 01:21:15 (40494 turns).

Duffy the Devastator (Deep Elf Fire Elementalist)  Turns: 40494, Time: 01:21:16

Health: 92/92      AC: 13    Str:  5    XL:     15   Next: 78%
Magic:  47/47      EV: 20    Int: 31    God:    Vehumet [*****.]
Gold:   1557       SH:  0    Dex: 15    Spells: 15/48 levels left

rFire    + + .     SeeInvis .   D - +3 flail (holy)
rCold    + . .     Gourm    +   (no shield)
rNeg     . . .     Faith    .   H - +1 robe {rC+ rF+}
rPois    .         Spirit   .   y - +2 hat
rElec    .         Reflect  .   n - +2 cloak {rF+}
rCorr    .         Harm     .   l - +2 pair of gloves
MR       +....                  i - +1 pair of boots
Stlth    ++........             w - amulet of the gourmand
HPRegen  0.25/turn              N - +4 ring of intelligence
MPRegen  0.30/turn              S - ring of magical power

@: no status effects
A: no striking features
a: Renounce Religion


You were on level 13 of the Dungeon.
You worshipped Vehumet.
Vehumet was extremely pleased with you.
You were completely stuffed.

You visited 3 branches of the dungeon, and saw 21 of its levels.
You also visited: Ice Cave and Volcano.

You collected 2465 gold pieces.
You spent 908 gold pieces at shops.

Inventory:

Hand Weapons
 D - a +3 flail of holy wrath (weapon)
Missiles
 r - a throwing net (quivered)
Armour
 b - a +0 pair of boots of flying
 i - a +1 pair of boots (worn)
 l - a +2 pair of gloves (worn)
 n - a +2 cloak of fire resistance (worn)
 y - a +2 hat (worn)
 H - a +1 robe of resistance (worn)
Jewellery
 u - an uncursed ring of protection from fire
 w - an amulet of the gourmand (around neck)
 F - an uncursed ring of protection from magic
 N - a +4 ring of intelligence (left hand)
 Q - the ring of Law {Wiz rElec rPois rN+}
   (You bought it in a shop on level 2 of the Orcish Mines)

   [ring of wizardry]

   It improves your spell success rate.
   It insulates you from electricity.
   It protects you from poison.
   It protects you from negative energy.
 S - a ring of magical power (right hand)
Wands
 h - a wand of iceblast (7/15)
 q - a wand of paralysis (7/24)
 s - a wand of disintegration (11/24)
 z - a wand of acid (3/15)
 G - a wand of flame (10/48)
 L - a wand of lightning (10/15)
 T - a wand of acid (9/15)
Scrolls
 a - a scroll of magic mapping
 f - 2 scrolls of fog
 j - 6 scrolls of remove curse
 o - 8 scrolls of teleportation
 p - 3 scrolls of recharging
 x - 6 scrolls of enchant armour
 A - 6 scrolls of amnesia
 J - a scroll of torment {unknown}
 O - a scroll of fear
 R - a scroll of acquirement {unknown}
 V - a scroll of blinking
 W - a scroll of vulnerability {unknown}
Potions
 e - 7 potions of curing
 m - a potion of ambrosia
 t - 3 potions of haste
 v - 4 potions of heal wounds
 B - 2 potions of flight
 C - 4 potions of brilliance
 I - 2 potions of mutation
 K - 7 potions of agility
 P - a potion of invisibility
 U - 4 potions of magic
Comestibles
 c - 14 bread rations
 d - 18 fruits
 g - 31 royal jellies
 k - 11 chunks of flesh
 E - 8 meat rations


   Skills:
 - Level 10.0 Fighting
 - Level 11.0 Dodging
 - Level 2.4 Stealth
 + Level 17.4 Spellcasting
 * Level 18.7 Conjurations
 - Level 4.0 Charms
 - Level 2.5 Translocations
 - Level 8.5 Fire Magic
 - Level 4.0 Evocations


You had 15 spell levels left.
You knew the following spells:

 Your Spells              Type           Power        Failure   Level  Hunger
a - Flame Tongue          Conj/Fire      #####        0%          1    None
h - Bolt of Fire          Conj/Fire      #######...   1%          6    #......
i - Apportation           Tloc           #####.       1%          1    None
j - Iskenderun's Mystic   Conj           #######.     0%          4    None
k - Fireball              Conj/Fire      #######...   1%          5    None
l - Conjure Flame         Conj/Fire      #######.     0%          3    None
n - Iskenderun's Battles  Conj/Chrm      #######.     1%          5    None
s - Sticky Flame          Conj/Fire      #######.     1%          4    None
B - Blink                 Tloc           N/A          1%          2    None
S - Swiftness             Chrm/Air       #####...     1%          2    None


Dungeon Overview and Level Annotations

Branches:
Dungeon (13/15)            Temple (0/1) D:5            Lair (6/6) D:10
 Spider (0/4) Lair:4        Slime (0/5) Lair:6          Orc (2/2) D:11
    Elf (0/3) Orc:2
  Swamp: Lair:2-4    Shoals: Lair:2-4    Vaults: D:13-14

Altars:
Cheibriados
Elyvilon
Fedhas
Kikubaaqudgha
Nemelex Xobeh
Qazlal
Ru
Sif Muna
Trog
Vehumet
Wu Jian
Zin
Beogh

Shops:
D:7 *   D:12 ([((   Orc:2 =(=(

Annotations:
Lair:2 Swamp, 2 exclusions


Message History

Found a whip.
A vampire mosquito comes into view.
Found a scroll labeled ICKUAM QOLEFE.
A catoblepas comes into view. 2 vampire mosquitoes come into view.
The vampire mosquito buzzes angrily.
The vampire mosquito moves out of view.
Found a pair of boots and a leather armour.
A vampire mosquito comes into view.
A vampire mosquito comes into view.
A vampire mosquito comes into view.
The catoblepas bellows!
Found a stone staircase leading up.
The vampire mosquito buzzes angrily. x3
The vampire mosquito closely misses you.
The vampire mosquito misses you.
Are you sure you want to abandon this character and quit the game? (Confirm with "yes".)
Okay, then.
Unknown command.
Are you sure you want to abandon this character and quit the game? (Confirm with "yes".)

####. .##...# #....
.#...<# .##....
.#....#
.......#.....#
..y..[.......#
.............#
..#..y.y?Y...#
.....yy@.....#
..##..#.#....#
#...... ##.#...[###
$......###.....##
......##..#.#.#####
.........#.$......
#...###.....#....
#...###.#####.... #
#...........# ...


You could see a catoblepas and 5 vampire mosquitoes.

Vanquished Creatures
  Rupert (D:13)
  2 orc warlords
  A dire elephant (Lair:6)
  An ettin (Orc:2)
  An ogre mage (D:11)
  A great orb of eyes (Lair:6)
  An ice dragon (Lair:6)
  6 hydras
  The ghost of pedritolo the Martial Artist, a journeyman DsWn of Xom (Lair:2)
  2 catoblepae
  8 two-headed ogres
  8 orc high priests
  An unseen horror (D:10)
  A deep troll (D:11)
  4 orc knights
  3 lindwurms
  A manticore (D:12)
  12 oklob plants
  7 orc sorcerers
  An ugly thing (D:12)
  Maurice (D:11)
  6 elephants (Lair:4)
  A toenail golem (Volcano)
  A centaur zombie (D:9)
  5 torpor snails (Lair:6)
  4 black mambas
  17 spiny frogs
  2 gargoyles
  5 molten gargoyles (Volcano)
  4 efreet
  6 rime drakes
  8 komodo dragons
  10 polar bears
  10 trolls
  4 tyrant leeches (Lair:6)
  A jumping spider (Lair:4)
  8 hornets
  14 hippogriffs
  3 slime creatures
  3 raiju (Lair:6)
  4 dream sheep
  Prince Ribbit (D:5)
  9 blink frogs
  A shadow (D:12)
  2 wyverns
  A vampire (D:12)
  41 yaks
  6 basilisks
  A hungry ghost (D:11)
  Eustachio (D:3)
  2 fire elementals (Volcano)
  A steam dragon (D:10)
  14 wargs
  2 swamp worms (Lair:2)
  A soldier ant (D:12)
  14 water moccasins
  16 hell hounds
  63 orc warriors
  4 porcupines
  5 ice beasts
  2 sky beasts
  5 necrophages
  15 black bears
  18 ogres
  18 wolves
  14 centaurs
  Blork the orc (D:5)
  12 crocodiles
  The ghost of Yermak the Sneak, an amateur SpFi (D:3)
  13 bullfrogs
  4 big kobolds
  2 wyvern skeletons
  A gnoll sergeant (D:8)
  9 killer bees
  2 scorpions
  4 wights
  An electric eel (Lair:2)
  6 howler monkeys
  7 crimson imps
  3 bullfrog zombies
  2 quasits
  7 hounds
  10 jellies
  3 bullfrog skeletons
  5 centaur skeletons
  34 orc priests
  26 orc wizards
  Crazy Yiuf (D:4)
  4 iguanas
  9 worker ants
  4 hell rats (Lair:4)
  A killer bee zombie (D:5)
  A hound zombie (D:7)
  A hound skeleton (D:7)
  2 worker ant zombies
  6 adders
  7 gnolls
  A howler monkey skeleton (D:10)
  4 river rats (Lair:4)
  3 shadow imps
  7 oozes
  An adder zombie (D:7)
  3 worms
  4 dart slugs
  7 leopard geckos
  137 orcs
  9 bats
  7 giant cockroaches
  6 hobgoblins
  16 jackals
  27 kobolds
  8 quokkas
  A ball python (D:2)
  4 frilled lizards
  9 goblins
  2 leopard gecko skeletons
  21 rats
  A bush (Lair:5)
  5 fire vortices (Volcano)
  A fungus (Lair:5)
  19 plants
929 creatures vanquished.

Vanquished Creatures (others)
  6 fungi
  23 plants
29 creatures vanquished.

Grand Total: 958 creatures vanquished

Notes
Turn   | Place    | Note
-------+----------+-------------------------------------------
     0 | D:1      | Duffy the Deep Elf Fire Elementalist began the quest for the Orb.
     0 | D:1      | Reached XP level 1. HP: 10/10 MP: 6/6
   272 | D:1      | Reached skill level 2 in Conjurations
   365 | D:1      | Reached XP level 2. HP: 15/15 MP: 6/8
   789 | D:1      | Reached XP level 3. HP: 19/19 MP: 7/9
   810 | D:1      | Learned a level 3 spell: Conjure Flame
  1379 | D:2      | Reached skill level 3 in Conjurations
  1863 | D:2      | Found a white marble altar of Elyvilon.
  2078 | D:2      | Found a bloodstained altar of Trog.
  2224 | D:2      | Reached XP level 4. HP: 24/24 MP: 7/11
  2233 | D:2      | Learned a level 4 spell: Sticky Flame
  2374 | D:3      | Found a blossoming altar of Fedhas.
  2850 | D:3      | Noticed Yermak's ghost (amateur SpFi)
  2856 | D:3      | Noticed an ogre
  2954 | D:3      | Killed an ogre
  2954 | D:3      | Reached skill level 4 in Conjurations
  2954 | D:3      | Reached XP level 5. HP: 14/28 MP: 4/14
  3053 | D:3      | Killed Yermak's ghost
  3053 | D:3      | Reached skill level 5 in Spellcasting
  3053 | D:3      | Reached XP level 6. HP: 27/32 MP: 6/15
  3121 | D:3      | Learned a level 5 spell: Fireball
  3477 | D:3      | Found a snail-covered altar of Cheibriados.
  3662 | D:4      | Noticed Eustachio
  3707 | D:3      | Killed Eustachio
  3944 | D:4      | Reached XP level 7. HP: 39/41 MP: 10/16
  4167 | D:4      | Found a stormy altar of Qazlal.
  4857 | D:4      | Found a runed door.
  4861 | D:4      | Noticed Crazy Yiuf
  4865 | D:4      | Killed Crazy Yiuf
  4998 | D:4      | Found a sacrificial altar of Ru.
  5224 | D:5      | Entered Level 5 of the Dungeon
  5454 | D:5      | Found a radiant altar of Vehumet.
  5462 | D:5      | Became a worshipper of Vehumet
  5463 | D:5      | Noticed Blork the orc
  5477 | D:5      | Killed Blork the orc
  5651 | D:5      | Reached skill level 5 in Fighting
  5689 | D:5      | Noticed a hippogriff
  5714 | D:5      | Killed a hippogriff
  5714 | D:5      | Reached skill level 5 in Dodging
  5714 | D:5      | Reached XP level 8. HP: 40/49 MP: 11/17
  5789 | D:5      | Noticed Prince Ribbit
  5795 | D:5      | Killed Prince Ribbit
  5795 | D:5      | Reached skill level 5 in Conjurations
  5933 | D:5      | Found a staircase to the Ecumenical Temple.
  6125 | D:5      | Reached skill level 5 in Fire Magic
  6459 | D:5      | Reached skill level 6 in Conjurations
  7175 | D:6      | Reached skill level 7 in Conjurations
  7364 | D:7      | Reached * piety under Vehumet
  7364 | D:7      | Offered knowledge of Freeze by Vehumet.
  7364 | D:7      | Reached XP level 9. HP: 54/54 MP: 11/21
  7754 | D:7      | Found an ancient bone altar of Kikubaaqudgha.
  7862 | D:7      | Reached skill level 8 in Conjurations
  8008 | D:7      | Found Zin's Purification Station.
  8009 | D:7      | Found a glowing silver altar of Zin.
  8459 | D:8      | Learned a level 2 spell: Swiftness
  8613 | D:8      | Learned a level 2 spell: Blink
  8807 | D:8      | Reached skill level 9 in Conjurations
  8943 | D:8      | Noticed a two-headed ogre
  8956 | D:8      | Killed a two-headed ogre
  8956 | D:8      | Reached XP level 10. HP: 53/59 MP: 10/24
  9067 | D:8      | Reached ** piety under Vehumet
  9248 | D:8      | Noticed a two-headed ogre
  9253 | D:8      | Killed a two-headed ogre
  9310 | D:8      | Offered knowledge of Searing Ray by Vehumet.
  9746 | D:9      | Noticed a two-headed ogre
  9898 | D:8      | Reached skill level 10 in Spellcasting
 10263 | D:9      | Reached skill level 10 in Conjurations
 10641 | D:9      | Offered knowledge of Ignite Poison by Vehumet.
 11072 | D:9      | Found a sparkling altar of Nemelex Xobeh.
 11187 | D:9      | Reached *** piety under Vehumet
 11526 | D:9      | Found an ornate altar of the Wu Jian Council.
 11673 | D:9      | Found a deep blue altar of Sif Muna.
 11719 | D:10     | Entered Level 10 of the Dungeon
 11722 | D:10     | Offered knowledge of Iskenderun's Mystic Blast by Vehumet.
 11730 | D:9      | Learned a level 4 spell: Iskenderun's Mystic Blast
 12024 | D:9      | Reached XP level 11. HP: 64/64 MP: 11/28
 12718 | D:10     | Reached **** piety under Vehumet
 12804 | D:10     | Offered knowledge of Yara's Violent Unravelling by Vehumet.
 13109 | D:10     | Noticed a two-headed ogre
 13158 | D:10     | Killed a two-headed ogre
 13238 | D:10     | Found a staircase to the Lair.
 13575 | D:10     | Noticed a two-headed ogre
 13579 | D:10     | Killed a two-headed ogre
 13835 | D:10     | Noticed a two-headed ogre
 13852 | D:10     | Killed a two-headed ogre
 14213 | Lair:1   | Entered Level 1 of the Lair of Beasts
 14388 | Lair:1   | Found a frozen archway.
 14455 | IceCv    | Entered an ice cave
 14455 | IceCv    | Noticed a white ugly thing
 14605 | Lair:1   | Reached skill level 10 in Fighting
 14920 | Lair:1   | Reached XP level 12. HP: 77/77 MP: 19/29
 15028 | Lair:1   | Noticed a six-headed hydra
 15044 | Lair:1   | Killed a six-headed hydra
 16066 | Lair:2   | Noticed pedritolo's ghost (journeyman DsWn)
 16072 | Lair:2   | Killed pedritolo's ghost
 16137 | Lair:2   | Reached ***** piety under Vehumet
 17179 | Lair:2   | Reached skill level 11 in Conjurations
 17847 | Lair:3   | Offered knowledge of Iskenderun's Battlesphere by Vehumet.
 18092 | Lair:3   | Learned a level 5 spell: Iskenderun's Battlesphere
 19439 | Lair:4   | Found a hole to the Spider Nest.
 19658 | Lair:4   | Noticed a six-headed hydra
 19673 | Lair:4   | Killed a six-headed hydra
 19673 | Lair:4   | Reached skill level 12 in Conjurations
 20125 | Lair:4   | Learned a level 1 spell: Apportation
 20296 | Lair:4   | Reached XP level 13. HP: 82/82 MP: 19/31
 21305 | Lair:4   | Reached skill level 13 in Conjurations
 21483 | Lair:4   | Identified the Collected Works on the Frostbite and Talismans
 21610 | Lair:5   | Found a dark tunnel.
 21700 | Volcano  | Entered a volcano
 23447 | Lair:5   | Reached skill level 14 in Conjurations
 24911 | Lair:6   | Entered Level 6 of the Lair of Beasts
 25057 | Lair:5   | Reached skill level 15 in Conjurations
 25632 | Lair:5   | Reached XP level 14. HP: 88/88 MP: 13/34
 26263 | Lair:6   | Found a staircase to the Slime Pits.
 26720 | Lair:6   | Found a runed door.
 26729 | Lair:6   | Offered knowledge of Bolt of Fire by Vehumet.
 26751 | Lair:6   | Learned a level 6 spell: Bolt of Fire
 27429 | Lair:6   | Reached skill level 16 in Conjurations
 27725 | Lair:6   | Reached skill level 15 in Spellcasting
 28342 | Lair:6   | Reached skill level 10 in Dodging
 29404 | Lair:6   | Offered knowledge of Iron Shot by Vehumet.
 31416 | D:11     | Noticed Maurice
 31429 | D:11     | Killed Maurice
 32163 | D:11     | Found a staircase to the Orcish Mines.
 32556 | Orc:1    | Entered Level 1 of the Orcish Mines
 32827 | D:11     | Reached XP level 15. HP: 51/92 MP: 2/37
 33047 | D:11     | Offered knowledge of Bolt of Draining by Vehumet.
 33279 | D:11     | Reached skill level 17 in Conjurations
 34007 | Orc:1    | Noticed an orc warlord
 34035 | Orc:1    | Killed an orc warlord
 34911 | Orc:2    | Entered Level 2 of the Orcish Mines
 35657 | Orc:2    | Offered knowledge of Spellforged Servitor by Vehumet.
 35718 | Orc:2    | Found Fowiseip's Weapon Boutique.
 35757 | Orc:2    | Found a roughly hewn altar of Beogh.
 35949 | Orc:2    | Found Adisoova's Jewellery Shop.
 36886 | Orc:2    | Found a staircase to the Elven Halls.
 37481 | Orc:2    | Reached skill level 18 in Conjurations
 37684 | Orc:2    | Noticed an orc warlord
 37706 | Orc:2    | Killed an orc warlord
 37992 | Orc:2    | Offered knowledge of Poison Arrow by Vehumet.
 37996 | Orc:2    | Found Coropteudgh's Antique Weapon Emporium.
 38179 | Orc:2    | Found Notois's Jewellery Shop.
 38284 | Orc:2    | Found a roughly hewn altar of Beogh.
 38743 | Orc:2    | Bought the ring of Law {Wiz rElec rPois rN+} for 628 gold pieces
 38845 | Orc:2    | Bought an uncursed ring of magical power for 280 gold pieces
 39339 | D:12     | Found Qorouk Egor's Antique Weapon Shoppe.
 39503 | D:12     | Found Yrcheir's Armour Shoppe.
 40050 | D:12     | Found Riororph's Weapon Boutique.
 40195 | D:12     | Found Maev's Antique Weapon Shop.
 40339 | D:13     | Noticed Rupert
 40341 | D:13     | Killed Rupert
 40494 | D:13     | Quit the game

Vault maps used:
D:1:      dpeg_arrival_prison, serial_bayou, serial_bayou_shore_b,
          serial_bayou_pond_c, serial_bayou_crossing, serial_bayou_lake_a,
          serial_bayou_pond_e
D:2:      lemuel_coloured_pillars_altar, lemuel_doored_altar, first_bread
D:3:      lemuel_round_altar, lemuel_crystal_altar, minmay_misc_feat_iff
D:4:      kennysheep_mini, nicolae_ru_great_annihilating_truth, uniq_eustachio,
          uniq_crazy_yiuf_cottage
D:5:      nicolae_overflow_crystal_walls, temple_doors_cd, uniq_prince_ribbit1,
          uniq_blork_the_orc
D:7:      lemuel_round_altar, zin_purify, kennysheep_generic_room_4
D:9:      old_standard_altar, overflow_temple_1_default, marbit_many_paths,
          hangedman_little_slice_of_home
D:10:     erik_lair_dragon
D:11:     david_orc_1_choice, uniq_maurice
D:12:     serial_shops, shop, shop, nicolae_shop_overgrown_old_shop,
          nicolae_shop_stone, nrook_mini_vaults
D:13:     uniq_nessos, uniq_snorg, uniq_rupert
Lair:1:   dpeg_oklob_gauntlet, portal_ice_cave_rime, grunt_megastairs_4,
          lemuel_fruit_tree
Lair:2:   nicolae_swamp_entry_splash_gauntlet
Lair:3:   kennysheep_basilisk_garden
Lair:4:   minmay_lair_oklob_tunnel, spider_nest_entry_rubble,
          kennysheep_abandoned_house
Lair:5:   enter_volcano_3, dpeg_oklob_1
Lair:6:   wormcave, hangedman_lair_caniforms_friends,
          minmay_slime_entry_pillars, infiniplex_staircase_pool
Orc:1:    guppyfry_orc_lava_fort
Orc:2:    pubby_orc_utopia
IceCv:    ice_cave_statue_garden_teleport
Volcano:  volcano_aerie

Skill      XL: |  1  2  3  4  5  6  7  8  9 10 11 12 13 14 15 |
---------------+----------------------------------------------+-----
Conjurations   | 2 3 4 7 9 10 12 15 16 18 | 18.7
Spellcasting   | 4 5 6 8 11 12 14 16 17 | 17.4
Fire Magic     | 4 5 7 8 |  8.5
Fighting       | 3 5 10 | 10.0
Dodging        | 5 6 9 11 | 11.0
Charms         | 4 |  4.0
Translocations | 2 |  2.5
Evocations     | 4 |  4.0
Stealth        | |  2.4

Action                   |  1- 3 |  4- 6 |  7- 9 | 10-12 | 13-15 || total
-------------------------+-------+-------+-------+-------+-------++-------
Melee: Flail             |       |       |    15 |       |    28 ||    43
 Cast: Flame Tongue      |    67 |    79 |   258 |   307 |   178 ||   889
       Conjure Flame     |       |     4 |    14 |    16 |       ||    34
       Sticky Flame      |       |     2 |    20 |    44 |     4 ||    70
       Fireball          |       |       |     2 |    60 |   163 ||   225
       Iskenderun's Myst |       |       |       |   106 |   260 ||   366
       Blink             |       |       |       |     8 |    15 ||    23
       Iskenderun's Batt |       |       |       |    16 |    93 ||   109
       Bolt of Fire      |       |       |       |       |   214 ||   214
Evoke: Wand              |       |       |       |    12 |     5 ||    17
  Use: Scroll            |       |     4 |     6 |     8 |    13 ||    31
  Eat: Chunk             |     3 |    11 |    24 |    40 |    72 ||   150
Armor: Robe              |     3 |     7 |    31 |    62 |    45 ||   148
Dodge: Dodged            |     8 |     9 |    76 |   170 |   174 ||   437
